 Dungeon Crawl Stone Soup version 0.16-a0-3300-g0332368 (webtiles) character file.

13855 Chiseanne the Destroyer (level 12, -5/74 HPs)
             Began as a Human Conjurer on Dec 25, 2014.
             Was an Elder of Vehumet.
             Shot with an arrow of dispersal by a centaur warrior (15 damage)
             ... on level 13 of the Dungeon.
             The game lasted 01:03:52 (15998 turns).

Chiseanne the Destroyer (Human Conjurer)           Turns: 15998, Time: 01:03:52

Health: -5/74      AC: 13    Str:  8    XL:     12   Next: 37%
Magic:  24/41      EV: 10    Int: 23    God:    Vehumet [****..]
Gold:   704        SH:  0    Dex: 15    Spells: 9 memorised, 2 levels left

rFire  . . .     SeeInvis .     o - staff of wizardry
rCold  + . .     Clarity  +     q - +1 ring mail {rC+}
rNeg   . . .     SustAb   .     (no shield)
rPois  .         Gourm    .     M - +1 hat {Int+3}
rElec  .         Spirit   .     J - +0 cloak
rCorr  .         Warding  .     (no gloves)
rMut   .         Stasis   .     (no boots)
MR     .....                    P - amulet "Bays" {Clar Contam}
Stlth  +.........               y - ring of magical power
                                N - +5 ring of protection

@: not resistant to hostile enchantments, very unstealthy
A: no striking features
a: Renounce Religion


You were on level 13 of the Dungeon.
You worshipped Vehumet.
Vehumet was greatly pleased with you.
You were near starving.

You visited 2 branches of the dungeon, and saw 14 of its levels.

You collected 829 gold pieces.
You spent 125 gold pieces at shops.

Inventory:

Hand weapons
 a - a +1 flail of protection
 d - the +5 war axe "Wiruuwn" {venom, rC+}
   (You found it on level 11 of the Dungeon)

   It poisons the flesh of those it strikes.
   It protects you from cold.
 s - a +4 dagger of electrocution
Missiles
 h - 76 poisoned needles
 A - a throwing net (quivered)
 L - 4 poisoned tomahawks
Armour
 q - a +1 ring mail of cold resistance (worn)
 J - a +0 cloak (worn)
 M - a +1 hat of intelligence (worn)
Magical staves
 o - an uncursed staff of wizardry (weapon)
Jewellery
 f - an uncursed ring of see invisible
 l - an uncursed amulet of the gourmand
 r - an uncursed ring of sustain abilities
 y - a ring of magical power (right hand)
 N - a +5 ring of protection (left hand)
 P - the amulet "Bays" (around neck) {Clar Contam}
   (You found it on level 9 of the Dungeon)

   [amulet of clarity]

   It provides mental clarity.
   It causes magical contamination when unequipped.
 T - a +2 ring of slaying
Magical devices
 S - a wand of digging (9)
 U - a wand of disintegration (5)
Scrolls
 g - 10 scrolls of remove curse
 k - 2 scrolls of magic mapping
 m - a scroll of fog
 n - 2 scrolls of blinking
 p - 2 scrolls of recharging
 t - 2 scrolls of immolation
 v - 5 scrolls of teleportation
 H - a scroll of identify
 O - a scroll of enchant weapon
Potions
 e - 5 potions of flight
 j - a potion of cancellation
 u - a potion of invisibility {unknown}
 x - 4 potions of agility
 z - a potion of might {unknown}
 C - 2 potions of restore abilities
 I - 2 potions of curing
 Q - a potion of haste {unknown}
 R - 2 potions of heal wounds
Books
 c - a book of Conjurations

   Spells                             Type                      Level
   a - Magic Dart                     Conjuration                  1
   b - Searing Ray                    Conjuration                  2
   c - Dazzling Spray                 Conjuration/Hexes            3
   d - Fulminant Prism                Conjuration/Hexes            4
   e - Iskenderun's Mystic Blast      Conjuration                  4
   f - Iskenderun's Battlesphere      Conjuration/Charms           5
 E - a book of Fire

   Spells                             Type                      Level
   a - Ignite Poison                  Fire/Transmutation           5
   b - Fireball                       Conjuration/Fire             5
   c - Bolt of Fire                   Conjuration/Fire             6
   d - Delayed Fireball               Conjuration/Fire             7
   e - Ring of Flames                 Charms/Fire                  7
Miscellaneous
 B - a stone of tremors (inert, charging)
Comestibles
 b - 4 bread rations
 i - 6 meat rations
 G - a royal jelly


   Skills:
 - Level 2.0 Dodging
 - Level 2.0 Stealth
 * Level 12.1 Spellcasting
 * Level 12.8 Conjurations
 - Level 6.0 Fire Magic


You had 2 spell levels left.
You knew the following spells:

 Your Spells              Type           Power        Failure   Level  Hunger
a - Magic Dart            Conj           ####         1%          1    None
b - Searing Ray           Conj           ######       1%          2    None
c - Dazzling Spray        Conj/Hex       #####...     1%          3    None
d - Iskenderun's Mystic   Conj           ######..     1%          4    None
e - Fireball              Conj/Fire      ######....   1%          5    ####...
f - Mephitic Cloud        Conj/Pois/Air  ####....     1%          3    None
g - Iskenderun's Battles  Conj/Chrm      #####...     3%          5    ####...
h - Force Lance           Conj/Tloc      #####...     1%          4    None
i - Bolt of Fire          Conj/Fire      ######....   4%          6    #####..


Dungeon Overview and Level Annotations

Branches:
Dungeon (13/15)            Temple (1/1) D:4            Lair (0/8) D:9
    Orc (0/4) D:12         Vaults (0/5) D:13

Altars:
Ashenzari
Dithmenos
Elyvilon
Kikubaaqudgha
Nemelex Xobeh
Okawaru
Ru
Sif Muna
Trog
Vehumet
Xom
Zin
The Shining One

Shops:
D:4 ?

Annotations:
D:5 Prince Ribbit, Sigmund
D:8 Pikel


Message History

The centaur warrior is dazzled.
Your battlesphere fires!
The centaur warrior unwields an uncursed shortbow.
The centaur warrior completely misses you.
The centaur shoots an arrow.
The arrow hits you. The centaur warrior closely misses you.
The centaur unwields an uncursed shortbow.
The centaur closely misses you.
The centaur warrior wields an uncursed shortbow.
The centaur warrior shoots an arrow of dispersal.
The arrow of dispersal hits you!
* * * LOW HITPOINT WARNING * * *
You blink.
The yak is no longer blind.
The centaur wields an uncursed shortbow.
The centaur shoots an arrow.
The arrow hits you.
* * * LOW HITPOINT WARNING * * *
The centaur warrior shoots an arrow of dispersal.
The arrow of dispersal hits you!
You die...

*,,,,*,,,*,,,*,,..#..#...#,,,,,,,
*,,,,*,,,,,,,,,,.........#,,,,,,,
*,,,,*,,,,,,,,,........./.,,,,,,,
*,,,,*********###.#.##...#,,,,***
*,,,,*,,,,,,,,#.........#,,,,,,,,
*,,,,*,,,,,,,,#.....#...#,,,,,,,,
*,,,,******,..#.....#.†.####..***
*,,,,,,,,,*...#......#.##....,,,*
*,<,,,,,,,#...#.@*..#...#....,,,*
******,,..........YE....#...,,,,*
*,,,,****##.............#..#,,*,*
*,,,,*,,,,#.......Y........#,,#,,
*,,,,*,,,,#....c.(Y........#..#,,
*,>,,*,,,,#......c..####......#,,
*,,,,,,,,,#...#######...####..#*,
*,,,,*,,,.....,,,*.....,*,,,,,...
*,,,,****##,,,,,,*".##***,,,,,,,.


You could see a centaur warrior (blind), 3 yaks, a centaur and a friendly earth
elemental.

Vanquished Creatures
  Gastronok (D:8)
  An unseen horror (D:10)
  Erolcha (D:11)
  2 hill giants (D:10)
  A harpy (shapeshifter) (D:10)
  A manticore (D:12)
  The ghost of ThermosAquaticus the Sneak, an experienced OpEn (D:6)
  Joseph (D:7)
  Psyche (D:11)
  A troll (D:12)
  A two-headed ogre (D:12)
  11 yaks
  4 hungry ghosts
  2 vampire mosquitoes (D:10)
  2 water moccasins
  3 sky beasts
  2 black bears
  4 ice beasts
  8 orc warriors
  A soldier ant (D:10)
  4 ogres
  2 centaurs
  Duvessa (D:8)
  5 phantoms
  Blork the orc (D:6)
  6 giant frogs
  A big kobold (D:10)
  A scorpion (D:4)
  A wyvern skeleton (D:12)
  3 wights (D:6)
  16 killer bees
  A goliath beetle (D:8)
  A giant frog zombie (D:6)
  4 crimson imps
  Dowan (D:8)
  A jelly (D:9)
  5 orc priests
  3 iguanas
  2 centaur skeletons
  A giant frog skeleton (D:4)
  4 hounds
  15 orc wizards
  7 worker ants
  2 killer bee zombies (D:9)
  Ijyb (D:7)
  Jessica (D:3)
  A hound skeleton (D:8)
  Robin (D:4)
  7 gnolls
  19 adders
  2 shadow imps
  3 giant mites
  2 worms
  4 giant geckos
  An ooze (D:2)
  45 orcs
  A ball python (D:2)
  A bat skeleton (D:4)
  A bat zombie (D:6)
  6 giant cockroaches
  21 goblins
  14 hobgoblins
  12 jackals
  4 quokkas
  15 bats
  6 giant newts
  3 giant spores
  20 kobolds
  25 rats
  13 ballistomycetes
366 creatures vanquished.

Vanquished Creatures (others)
  A bat (D:7)
  2 giant spores (D:12)
3 creatures vanquished.

Grand Total: 369 creatures vanquished

Notes
Turn   | Place    | Note
--------------------------------------------------------------
     0 | D:1      | Chiseanne, the Human Conjurer, began the quest for the Orb.
     0 | D:1      | Reached XP level 1. HP: 13/13 MP: 3/3
   191 | D:1      | Reached XP level 2. HP: 19/19 MP: 2/4
   216 | D:1      | Learned a level 2 spell: Searing Ray
   757 | D:1      | Reached XP level 3. HP: 8/24 MP: 3/6
  1295 | D:2      | Learned a level 3 spell: Dazzling Spray
  1425 | D:2      | Reached skill level 5 in Conjurations
  1581 | D:2      | Reached XP level 4. HP: 30/30 MP: 2/8
  1914 | D:2      | Found a sacrificial altar of Ru.
  2130 | D:2      | Reached XP level 5. HP: 32/35 MP: 6/10
  3096 | D:3      | Noticed Jessica
  3104 | D:3      | Killed Jessica
  3585 | D:3      | Reached XP level 6. HP: 41/41 MP: 7/13
  3800 | D:3      | Reached skill level 6 in Conjurations
  4143 | D:3      | Learned a level 4 spell: Iskenderun's Mystic Blast
  4729 | D:4      | Reached XP level 7. HP: 42/46 MP: 15/17
  4776 | D:4      | Noticed a hungry ghost
  4962 | D:4      | Killed a hungry ghost
  4975 | D:4      | Noticed Robin
  4987 | D:4      | Killed Robin
  5102 | D:4      | Found Dopoet's Magic Scroll Shoppe.
  5111 | D:4      | Bought a scroll of teleportation for 30 gold pieces
  5111 | D:4      | Bought a scroll of immolation for 35 gold pieces
  5111 | D:4      | Bought a scroll of remove curse for 30 gold pieces
  5111 | D:4      | Bought a scroll of remove curse for 30 gold pieces
  5159 | D:4      | Reached skill level 5 in Spellcasting
  5264 | D:4      | Reached skill level 7 in Conjurations
  5366 | D:4      | Found a shadowy altar of Dithmenos.
  5708 | D:4      | Reached XP level 8. HP: 52/52 MP: 20/20
  5715 | D:4      | Learned a level 5 spell: Iskenderun's Battlesphere
  5878 | D:4      | Found a staircase to the Ecumenical Temple.
  5945 | Temple   | Entered the Ecumenical Temple
  5994 | Temple   | Became a worshipper of Vehumet
  6247 | D:5      | Entered Level 5 of the Dungeon
  6491 | D:5      | Noticed Sigmund
  6496 | D:5      | Noticed Prince Ribbit
  6530 | D:5      | Reached skill level 8 in Conjurations
  6620 | D:6      | Found a shimmering altar of Xom.
  6731 | D:6      | Noticed Blork the orc
  6738 | D:6      | Killed Blork the orc
  7065 | D:6      | Noticed ThermosAquaticus' ghost (experienced OpEn)
  7074 | D:6      | Killed ThermosAquaticus' ghost
  7074 | D:6      | Reached XP level 9. HP: 57/57 MP: 6/24
  7250 | D:6      | Found a white marble altar of Elyvilon.
  7277 | D:6      | Found a glowing silver altar of Zin.
  7487 | D:6      | Reached skill level 9 in Conjurations
  7778 | D:6      | Acquired Vehumet's first power
  7778 | D:6      | Offered knowledge of Sting by Vehumet.
  8441 | D:7      | Noticed a centaur skeleton
  8455 | D:7      | Killed a centaur skeleton
  8569 | D:7      | Noticed Joseph
  9152 | D:7      | Reached XP level 10. HP: 48/63 MP: 25/27
  9200 | D:7      | HP: 3/63 [Joseph/sling bullet (10)]
  9207 | D:7      | Killed Joseph
  9207 | D:7      | Reached skill level 10 in Conjurations
  9627 | D:7      | Offered knowledge of Freeze by Vehumet.
 10056 | D:7      | Noticed Ijyb
 10061 | D:7      | Killed Ijyb
 10207 | D:8      | Noticed Duvessa
 10207 | D:8      | Noticed Dowan
 10211 | D:8      | Killed Dowan
 10214 | D:8      | Killed Duvessa
 10293 | D:8      | Found a deep blue altar of Sif Muna.
 10553 | D:8      | Found an ancient bone altar of Kikubaaqudgha.
 10559 | D:8      | Found a shimmering altar of Xom.
 10562 | D:8      | Found a deep blue altar of Sif Muna.
 10599 | D:8      | Offered knowledge of Mephitic Cloud by Vehumet.
 10602 | D:8      | Reached skill level 10 in Spellcasting
 10629 | D:8      | Noticed Pikel
 10829 | D:8      | Noticed Gastronok
 10847 | D:8      | Killed Gastronok
 10847 | D:8      | Reached skill level 11 in Conjurations
 10847 | D:8      | Reached XP level 11. HP: 50/68 MP: 9/29
 11019 | D:8      | Found a sparkling altar of Nemelex Xobeh.
 11233 | D:8      | Acquired Vehumet's second power
 11250 | D:8      | Learned a level 3 spell: Mephitic Cloud
 11333 | D:9      | Learned a level 5 spell: Fireball
 11503 | D:9      | Found a staircase to the Lair.
 11648 | D:9      | Got a vibrating platinum amulet
 12006 | D:10     | Entered Level 10 of the Dungeon
 12038 | D:10     | Offered knowledge of Force Lance by Vehumet.
 12044 | D:10     | Learned a level 4 spell: Force Lance
 12208 | D:10     | Noticed a hill giant
 12214 | D:10     | Killed a hill giant
 12214 | D:10     | Reached skill level 12 in Conjurations
 12558 | D:10     | Noticed an unseen horror
 12565 | D:10     | Killed an unseen horror
 12569 | D:10     | Identified the amulet "Bays" {Clar Contam} (You found it on level 9 of the Dungeon)
 12601 | D:10     | Noticed a hill giant
 12608 | D:10     | Killed a hill giant
 12826 | D:10     | Acquired Vehumet's third power
 13053 | D:10     | Noticed a harpy
 13055 | D:10     | Killed a harpy
 13449 | D:11     | Noticed Erolcha
 13462 | D:11     | Killed Erolcha
 13714 | D:11     | Offered knowledge of Static Discharge by Vehumet.
 13742 | D:11     | Got a smoking war axe
 13743 | D:11     | Identified the +5 war axe "Wiruuwn" {venom, rC+} (You found it on level 11 of the Dungeon)
 13786 | D:11     | Noticed Psyche
 13791 | D:11     | Killed Psyche
 14211 | D:12     | Reached XP level 12. HP: 74/74 MP: 32/32
 14221 | D:12     | Learned a level 6 spell: Bolt of Fire
 14281 | D:12     | Noticed a manticore
 14293 | D:12     | Killed a manticore
 14293 | D:12     | Reached skill level 1 in Fire Magic
 14826 | D:12     | HP: 2/74 [something (3)]
 14947 | D:12     | Reached skill level 5 in Fire Magic
 15411 | D:12     | Found a staircase to the Orcish Mines.
 15660 | D:13     | Noticed a vault guard
 15661 | D:13     | Noticed a vault guard
 15661 | D:13     | Noticed a vault guard
 15661 | D:13     | Noticed a vault guard
 15662 | D:13     | Found a gate to the Vaults.
 15662 | D:13     | Noticed a vault guard
 15662 | D:13     | Noticed a vault guard
 15662 | D:13     | Noticed a vault guard
 15665 | D:13     | Noticed a vault guard
 15991 | D:13     | Noticed a centaur warrior
 15998 | D:13     | Shot with an arrow of dispersal by a centaur warrior

Action                   |  1- 3 |  4- 6 |  7- 9 | 10-12 || total
-------------------------+-------+-------+-------+-------++-------
Melee: Unarmed           |     1 |       |       |       ||     1
       Club              |    10 |       |       |       ||    10
       Short sword       |     5 |     3 |       |       ||     8
       Flail             |       |     5 |     8 |       ||    13
       Staff             |       |       |       |     1 ||     1
       War axe           |       |       |       |    15 ||    15
 Cast: Magic Dart        |    55 |   206 |   165 |   276 ||   702
       Iskenderun's Myst |       |     5 |    45 |    28 ||    78
       Searing Ray       |       |     1 |    10 |     1 ||    12
       Dazzling Spray    |       |       |    14 |    92 ||   106
       Iskenderun's Batt |       |       |     6 |    74 ||    80
       Mephitic Cloud    |       |       |       |     1 ||     1
       Bolt of Fire      |       |       |       |     8 ||     8
       Force Lance       |       |       |       |     1 ||     1
Evoke: Wand              |       |       |       |    12 ||    12
       Stone of tremors  |       |       |       |     1 ||     1
  Use: Scroll            |     4 |     5 |     5 |    13 ||    27
       Potion            |       |       |     1 |     1 ||     2
  Eat: Chunk             |     3 |    14 |    15 |    29 ||    61
       Beef jerky        |       |       |     1 |     1 ||     2
       Fruit             |       |       |     1 |       ||     1
       Pizza             |       |       |     2 |     1 ||     3
       Royal jelly       |       |       |       |     2 ||     2
